 Dungeon Crawl Stone Soup version 0.23.0 (webtiles) character file.

Game seed: 9564407905160750240

1014 wolfsongas the Fighter (level 8, -4/69 HPs)
             Began as a Demonspawn Gladiator on Feb 16, 2019.
             Killed from afar by an electric eel (12 damage)
             ... with a bolt of electricity
             ... on level 6 of the Dungeon.
             The game lasted 00:15:55 (6033 turns).

wolfsongas the Fighter (Demonspawn Gladiator)       Turns: 6033, Time: 00:15:56

Health: -4/69      AC: 14    Str: 19    XL:     8   Next: 1%
Magic:  0/8        EV:  9    Int: 10    God:
Gold:   362        SH:  0    Dex: 15    Spells: 7/7 levels left

rFire    . . .     SeeInvis .   a - +1 long sword
rCold    + . .     Gourm    .   (no shield)
rNeg     . . .     Faith    .   s - +0 plate armour
rPois    .         Spirit   +   c - +2 helmet
rElec    .         Reflect  .   (no cloak)
rCorr    .         Harm     .   t - +0 pair of gloves
MR       .....                  (no boots)
Stlth    ..........             (no amulet)
HPRegen  0.21/turn              o - +3 ring of strength
MPRegen  0.11/turn              q - ring of protection from cold

@: no status effects
A: nightstalker 1, magic shield, sturdy frame 2
a: no special abilities


You were on level 6 of the Dungeon.
You were not hungry.

You visited 1 branch of the dungeon, and saw 6 of its levels.
You also visited: Sewer.

You collected 362 gold pieces.

Inventory:

Hand Weapons
 a - a +1 long sword (weapon)
 p - the +5 hand axe of Pride {holy, *Noise MR++ Str+4, unknown}
   (You found it on level 5 of the Dungeon)

   It has been blessed by the Shining One to cause great damage to the undead
   and demons.
   It affects your strength (+4).
   It affects your resistance to hostile enchantments.
   It may make noises in combat.
Missiles
 d - 3 throwing nets (quivered)
Armour
 c - a +2 helmet (worn)
 h - a +0 leather armour of fire resistance
 s - a +0 plate armour (worn)
 t - a +0 pair of gloves (worn)
Jewellery
 f - an uncursed ring of positive energy
 o - a +3 ring of strength (left hand)
 q - a ring of protection from cold (right hand)
Scrolls
 e - 6 scrolls of teleportation
 j - a scroll of fear
Potions
 b - a potion of cancellation
 i - 2 potions of lignification
 k - a potion of flight
 m - a potion of might
 n - a potion of agility
 r - a potion of brilliance
 v - 3 potions of magic {unknown}
 w - a potion of curing
Comestibles
 l - 5 rations


   Skills:
 + Level 8.5 Fighting
   Level 2.0(3.1) Short Blades
 + Level 3.6(3.9) Long Blades
 - Level 1.7 Throwing
 + Level 1.2 Armour
 - Level 2.6 Dodging


You had 7 spell levels left.
You didn't know any spells.
Your spell library was empty.

Dungeon Overview and Level Annotations

Branches:
Dungeon (6/15)
 Temple: D:4-7

Altars:
Ashenzari
Cheibriados
Elyvilon
Hepliaklqana
Makhleb
Nemelex Xobeh
Qazlal


Innate Abilities, Weirdness & Mutations

You are slightly more attuned to the shadows.
When hurt, damage is shared between your health and your magic reserves.
Your movements are less encumbered by armour. (ER -4)


Message History

The bolt of electricity hits you!
* * * LOW HITPOINT WARNING * * *
The bolt of electricity hits you!
* * * LOW HITPOINT WARNING * * *
The bolt of electricity hits the electric eel.
The electric eel completely resists.
You feel much better.
The electric eel shoots out a bolt of lightning at you!
The bolt of electricity hits you!
* * * LOW HITPOINT WARNING * * *
The bolt of electricity misses you.
The bolt of electricity hits the electric eel.
The electric eel completely resists.
You miss the electric eel.
The electric eel is heavily wounded.
The electric eel shoots out a bolt of lightning at you!
The bolt of electricity hits you!
* * * LOW HITPOINT WARNING * * *
The bolt of electricity hits you!
You die...

+....'........'...
#....#####...##...
#....# #...##...
#....# #...##...
##....# #......##
####.....## ###.##.#
#....###..# # #.##.##
#.##.##≈≈.#≈##.#.##...
#.###@;≈≈≈≈≈≈....##.##
#.##≈≈≈≈≈≈≈≈≈≈≈....†..
#.#≈≈≈≈#..≈≈≈≈#≈#.#.##
##.≈≈≈≈≈<.:≈ ≈.##.#
#≈≈≈#≈≈.(#≈ ≈≈≈≈ #.#
≈≈≈≈≈≈≈≈.# ≈≈≈≈ #.#
#≈≈##≈≈≈..) ≈≈≈≈ #.#
..≈≈ ≈≈≈.<. ≈≈≈ ..#
..≈≈# ≈≈≈. ≈..#


You could see an electric eel.

Vanquished Creatures
  Sigmund (D:3)
  Duvessa (D:6)
  An ice beast (D:6)
  Dowan (D:6)
  An electric eel (D:6)
  A crimson imp (D:6)
  A hound (D:5)
  2 orc priests
  A bullfrog skeleton (D:5)
  2 iguanas
  An orc wizard (D:4)
  Jessica (D:3)
  Natasha (thrice) (D:2)
  A worker ant (D:4)
  3 gnolls (D:4)
  7 adders
  3 river rats (Sewer)
  A shadow imp (D:4)
  An adder skeleton (D:5)
  3 worms
  9 dart slugs
  2 leopard geckos
  8 orcs
  3 ball pythons
  3 giant cockroaches
  5 hobgoblins
  3 jackals (D:1)
  2 quokkas
  7 bats
  13 frilled lizards
  8 goblins
  10 kobolds
  A leopard gecko skeleton (D:4)
  12 rats
122 creatures vanquished.

Vanquished Creatures (others)
  A dart slug (D:6)
1 creature vanquished.

Grand Total: 123 creatures vanquished

Notes
Turn   | Place    | Note
-------+----------+-------------------------------------------
     0 | D:1      | wolfsongas the Demonspawn Gladiator began the quest for the
                  | Orb.
     0 | D:1      | Reached XP level 1. HP: 16/16 MP: 1/1
   254 | D:1      | Gained mutation: You are slightly more attuned to the
                  | shadows. [demonic ancestry]
   254 | D:1      | Reached XP level 2. HP: 21/23 MP: 2/2
   309 | D:1      | Reached skill level 3 in Fighting
   746 | D:1      | Found a shattered altar of Ashenzari.
  1005 | D:1      | Reached XP level 3. HP: 27/29 MP: 3/3
  1331 | D:2      | Found a burning altar of Makhleb.
  1448 | D:2      | Noticed Natasha
  1463 | D:2      | Killed Natasha
  1463 | D:2      | Reached skill level 4 in Fighting
  1463 | D:2      | Reached skill level 1 in Short Blades
  1463 | D:2      | Reached XP level 4. HP: 5/37 MP: 4/4
  1898 | D:2      | Noticed Natasha
  1914 | D:2      | Killed Natasha
  2268 | D:2      | Noticed Natasha
  2282 | D:2      | Killed Natasha
  2282 | D:2      | Gained mutation: Your movements are slightly less
                  | encumbered by armour. (ER -2) [demonic ancestry]
  2282 | D:2      | Reached XP level 5. HP: 27/43 MP: 5/5
  2445 | D:2      | Found a sparkling altar of Nemelex Xobeh.
  2603 | D:3      | Noticed Jessica
  2608 | D:3      | Killed Jessica
  2608 | D:3      | Reached skill level 5 in Fighting
  2724 | D:3      | Found a stormy altar of Qazlal.
  3136 | D:3      | Noticed Sigmund
  3147 | D:3      | Killed Sigmund
  3147 | D:3      | Reached skill level 6 in Fighting
  3147 | D:3      | Gained mutation: Your movements are less encumbered by
                  | armour. (ER -4) [demonic ancestry]
  3147 | D:3      | Reached XP level 6. HP: 37/53 MP: 6/6
  3237 | D:3      | Found a hazy altar of Hepliaklqana.
  3905 | D:4      | Reached skill level 7 in Fighting
  3944 | D:4      | Found a white marble altar of Elyvilon.
  4020 | D:4      | Reached XP level 7. HP: 25/60 MP: 7/7
  4647 | D:5      | Entered Level 5 of the Dungeon
  4692 | D:5      | Found a snail-covered altar of Cheibriados.
  4764 | D:5      | Got a slimy hand axe
  4794 | D:5      | Found a glowing drain.
  4808 | Sewer    | Entered a sewer
  4902 | Sewer    | Reached skill level 8 in Fighting
  5580 | D:6      | Noticed Dowan
  5581 | D:6      | Noticed Duvessa
  5590 | D:6      | Killed Duvessa
  5590 | D:6      | Reached skill level 1 in Armour
  5601 | D:6      | Killed Dowan
  5758 | D:6      | Gained mutation: When hurt, damage is shared between your
                  | health and your magic reserves. [demonic ancestry]
  5758 | D:6      | Reached XP level 8. HP: 17/69 MP: 8/8
  6031 | D:6      | HP: 3/69 [electric eel/bolt of electricity (6)]
  6033 | D:6      | Killed from afar by an electric eel

Skill      XL: |  1  2  3  4  5  6  7 |
---------------+----------------------+-----
Fighting       | 3 4 6 7 8 |  8.5
Short Blades   | 1 2 |  2.0
Long Blades    | 3 |  3.6
Armour         | 1 |  1.2
Throwing       | |  1.7
Dodging        | |  2.6

Action                   |  1- 3 |  4- 6 |  7- 9 || total
-------------------------+-------+-------+-------++-------
Melee: Long sword        |   116 |   178 |   156 ||   450
       Falchion          |       |       |     4 ||     4
  Use: Scroll            |     3 |     9 |     7 ||    19
       Potion            |     2 |     3 |     3 ||     8
 Stab: Sleeping          |     2 |       |       ||     2
  Eat: Ration            |     1 |     2 |     2 ||     5
       Chunk             |       |       |     1 ||     1
Armor: Leather armour    |    28 |       |       ||    28
       Scale mail        |    19 |    69 |       ||    88
       Plate armour      |       |    47 |    75 ||   122
Dodge: Dodged            |    86 |   125 |    78 ||   289
       Rpst.: Long sword |    27 |    39 |    26 ||    92
